| TOP OF THE 1ST |
|
Portland Angels batting - Pitching for Houston Colt .45's : RHP Elroy Meulenkamp
|
|
Pitching: RHP Elroy Meulenkamp
|
|
|
Batting: RHB Dan Burkhart
|
0-0: Ball 1-0: Reached on error, E4 (Popup, 13S, EV 76.9 MPH)
|
|
Batting: LHB Dave Hicks
|
0-0: Foul Ball, location: 2F 0-1: Ball 1-1: Called Strike 1-2: Strikes out swinging
|
|
Batting: LHB Mario Anguiano
|
0-0: Swinging Strike 0-1: Foul Ball, location: 2F 0-2: DOUBLE (Line Drive, 78D, EV 101.3 MPH) Dan Burkhart to third Runner from 3rd tries for Home, SAFE, throw by LF to home
|
|
Batting: RHB Juan Rosa
|
0-0: Called Strike 0-1: Foul Ball, location: 2F 0-2: Ball 1-2: Ball 2-2: Ball 3-2: Foul Ball, location: 2F 3-2: Base on Balls
|
|
Batting: LHB Spencer Palmer
|
0-0: Ball 1-0: Foul Ball, location: 2F 1-1: Swinging Strike 1-2: Strikes out swinging
|
|
Batting: LHB Griffin Ferris
|
0-0: Fly out, F8 (Flyball, 8RXD, EV 98.1 MPH)
|
| Top of the 1st over - 1 run, 1 hit, 1 error, 2 left on base; Portland 1 - Houston 0 |
| BOTTOM OF THE 1ST |
|
Houston Colt .45's batting - Pitching for Portland Angels : RHP Hector Carrizales
|
|
Pitching: RHP Hector Carrizales
|
|
|
Batting: LHB Lou Toth
|
0-0: Fly out, F9 (Flyball, 9S, EV 86.9 MPH)
|
|
Batting: LHB Bob Dietz
|
0-0: Called Strike 0-1: Fly out, F8 (Flyball, 8RD, EV 91.3 MPH)
|
|
Batting: SHB Troy Kenyon
|
0-0: Called Strike 0-1: Ball 1-1: Ball 2-1: Called Strike 2-2: Ball 3-2: Fly out, F7 (Flyball, 78S, EV 90.0 MPH)
|
| Bottom of the 1st over - 0 runs, 0 hits, 0 errors, 0 left on base; Portland 1 - Houston 0 |
| TOP OF THE 2ND |
|
Portland Angels batting - Pitching for Houston Colt .45's : RHP Elroy Meulenkamp
|
|
Batting: RHB Dean LeCroy
|
0-0: Foul Ball, location: 2F 0-1: Ball 1-1: Swinging Strike 1-2: Strikes out swinging
|
|
Batting: LHB Mark Reeg
|
0-0: SINGLE (Groundball, 34D, EV 96.9 MPH)
|
|
Batting: SHB Danny Gelinas
|
0-0: Ball 1-0: Ball 2-0: Ball 3-0: Called Strike 3-1: Base on Balls Mark Reeg to second
|
|
Batting: RHB Dan Burkhart
|
0-0: Called Strike 0-1: Ball 1-1: Ball 2-1: Grounds into double play, 3-6-3 (Groundball, 13, EV 87.5 MPH)
|
| Top of the 2nd over - 0 runs, 1 hit, 0 errors, 1 left on base; Portland 1 - Houston 0 |
| BOTTOM OF THE 2ND |
|
Houston Colt .45's batting - Pitching for Portland Angels : RHP Hector Carrizales
|
|
Batting: LHB Angelo Vasquez
|
0-0: Foul Ball, location: 2F 0-1: Fly out, F7 (Flyball, 7LS, EV 89.4 MPH)
|
|
Batting: RHB Juan Mendoza
|
0-0: Ball 1-0: Called Strike 1-1: Ball 2-1: Swinging Strike 2-2: Ball 3-2: Foul Ball, location: 2F 3-2: Strikes out swinging
|
|
Batting: LHB Jackson Trottier
|
0-0: Called Strike 0-1: Ball 1-1: Swinging Strike 1-2: Foul Ball, location: 2F 1-2: Strikes out swinging
|
| Bottom of the 2nd over - 0 runs, 0 hits, 0 errors, 0 left on base; Portland 1 - Houston 0 |
| TOP OF THE 3RD |
|
Portland Angels batting - Pitching for Houston Colt .45's : RHP Elroy Meulenkamp
|
|
Batting: LHB Dave Hicks
|
0-0: Called Strike 0-1: Foul Ball, location: 2F 0-2: Ball 1-2: Strikes out swinging
|
|
Batting: LHB Mario Anguiano
|
0-0: Called Strike 0-1: Reached on error, E6 (Groundball, 6M, EV 85.6 MPH)
|
|
Batting: RHB Juan Rosa
|
0-0: Ball 1-0: Foul Ball, location: 2F 1-1: Ball 2-1: Fly out, F8 (Line Drive, 8LD, EV 83.1 MPH)
|
|
Batting: LHB Spencer Palmer
|
0-0: Called Strike 0-1: Foul Ball, location: 2F 0-2: DOUBLE (Groundball, 3L, EV 98.1 MPH) Mario Anguiano scores
|
|
Batting: LHB Griffin Ferris
|
0-0: Called Strike 0-1: Ball 1-1: Foul Ball, location: 2F 1-2: Ball 2-2: Fly out, F2 (Popup, 2R, EV 88.8 MPH)
|
| Top of the 3rd over - 1 run, 1 hit, 1 error, 1 left on base; Portland 2 - Houston 0 |
| BOTTOM OF THE 3RD |
|
Houston Colt .45's batting - Pitching for Portland Angels : RHP Hector Carrizales
|
|
Batting: RHB Jarno van Lente
|
0-0: Ball 1-0: DOUBLE (Line Drive, 9LM, EV 107.5 MPH)
|
|
Batting: RHB Keith Goodwin
|
0-0: Reached on error, E6 (Groundball, 6, EV 81.9 MPH) Jarno van Lente to third
|
|
Batting: RHB To-wai Chen
|
0-0: Ball 1-0: Called Strike 1-1: Foul Ball, location: 2F 1-2: Fielders Choice at 2nd, 4-6 (Groundball, 34, EV 90.6 MPH) Jarno van Lente scores
|
|
Batting: LHB Lou Toth
|
0-0: Swinging Strike 0-1: Ball 1-1: Ball 2-1: Foul Ball, location: 2F 2-2: Fielders Choice at 2nd, 4-6 (Groundball, 4, EV 83.8 MPH)
|
|
Batting: LHB Bob Dietz
|
0-0: Ball 1-0: Foul Ball, location: 2F 1-1: Swinging Strike 1-2: Ball 2-2: Foul Ball, location: 2F 2-2: Foul Ball, location: 2F 2-2: Foul Ball, location: 2F 2-2: Ball 3-2: DOUBLE (Line Drive, 78M, EV 100.0 MPH) Lou Toth to third Lou Toth scores
|
|
Batting: SHB Troy Kenyon
|
0-0: Ball 1-0: Foul Ball, location: 2F 1-1: Foul Ball, location: 2F 1-2: Ball 2-2: Ground out 5-3 (Groundball, 56, EV 105.6 MPH)
|
| Bottom of the 3rd over - 2 runs, 2 hits, 1 error, 1 left on base; Portland 2 - Houston 2 |
| TOP OF THE 4TH |
|
Portland Angels batting - Pitching for Houston Colt .45's : RHP Elroy Meulenkamp
|
|
Batting: RHB Dean LeCroy
|
0-0: Ball 1-0: Called Strike 1-1: Called Strike 1-2: Strikes out swinging
|
|
Batting: LHB Mark Reeg
|
0-0: Ball 1-0: Swinging Strike 1-1: Ball 2-1: Foul Ball, location: 2F 2-2: Strikes out swinging
|
|
Batting: SHB Danny Gelinas
|
0-0: SOLO HOME RUN (Flyball, 89XD, EV 100.6 MPH), Distance : 411 ft
|
|
Batting: RHB Dan Burkhart
|
0-0: Ball 1-0: Ball 2-0: Ground out 6-3 (Groundball, 6, EV 76.3 MPH)
|
| Top of the 4th over - 1 run, 1 hit, 0 errors, 0 left on base; Portland 3 - Houston 2 |
| BOTTOM OF THE 4TH |
|
Houston Colt .45's batting - Pitching for Portland Angels : RHP Hector Carrizales
|
|
Batting: LHB Angelo Vasquez
|
0-0: Ball 1-0: Called Strike 1-1: Swinging Strike 1-2: Ball 2-2: Foul Ball, location: 2F 2-2: Ball 3-2: Base on Balls
|
|
Batting: RHB Juan Mendoza
|
0-0: Ball 1-0: Called Strike 1-1: Fly out, F8 (Flyball, 8RS, EV 92.5 MPH)
|
|
Batting: LHB Jackson Trottier
|
0-0: Called Strike 0-1: Swinging Strike 0-2: Ball 1-2: Ball 2-2: SINGLE (Flyball, 56D, EV 87.5 MPH) Angelo Vasquez to second
|
|
Batting: RHB Jarno van Lente
|
0-0: Ball 1-0: Ball 2-0: Ball 3-0: Base on Balls Angelo Vasquez to third Jackson Trottier to second
|
|
Batting: RHB Keith Goodwin
|
0-0: DOUBLE (Line Drive, 7LM, EV 100.0 MPH) Angelo Vasquez scores Jackson Trottier scores Jarno van Lente to third
|
|
Batting: RHB To-wai Chen
|
0-0: Fly out, F9 (Flyball, 9, EV 79.4 MPH) Runner from 3rd tags up, OUT at HOME! 9-2
|
| Bottom of the 4th over - 2 runs, 2 hits, 0 errors, 1 left on base; Portland 3 - Houston 4 |
| TOP OF THE 5TH |
|
Portland Angels batting - Pitching for Houston Colt .45's : RHP Elroy Meulenkamp
|
|
Batting: LHB Dave Hicks
|
0-0: Swinging Strike 0-1: Fly out, F3 (Popup, 3SF, EV 77.5 MPH)
|
|
Batting: LHB Mario Anguiano
|
0-0: Ground out 4-3 (Groundball, 4, EV 88.8 MPH)
|
|
Batting: RHB Juan Rosa
|
0-0: Ball 1-0: Called Strike 1-1: SINGLE (Line Drive, 7LM, EV 111.3 MPH)
|
|
Batting: LHB Spencer Palmer
|
0-0: Fly out, F9 (Flyball, 89D, EV 94.4 MPH)
|
| Top of the 5th over - 0 runs, 1 hit, 0 errors, 1 left on base; Portland 3 - Houston 4 |
| BOTTOM OF THE 5TH |
|
Houston Colt .45's batting - Pitching for Portland Angels : RHP Hector Carrizales
|
|
Batting: LHB Lou Toth
|
0-0: Ball 1-0: Called Strike 1-1: Foul Ball, location: 2F 1-2: Fly out, F8 (Flyball, 78S, EV 71.3 MPH)
|
|
Batting: LHB Bob Dietz
|
0-0: Swinging Strike 0-1: Swinging Strike 0-2: Fly out, F7 (Flyball, 7S, EV 83.8 MPH)
|
|
Batting: SHB Troy Kenyon
|
0-0: Called Strike 0-1: Called Strike 0-2: Ball 1-2: Ball 2-2: Ground out 5-3 (Groundball, 56, EV 107.5 MPH)
|
| Bottom of the 5th over - 0 runs, 0 hits, 0 errors, 0 left on base; Portland 3 - Houston 4 |
| TOP OF THE 6TH |
|
Portland Angels batting - Pitching for Houston Colt .45's : RHP Elroy Meulenkamp
|
|
Batting: LHB Griffin Ferris
|
0-0: Called Strike 0-1: Swinging Strike 0-2: Ball 1-2: Strikes out swinging
|
|
Batting: RHB Dean LeCroy
|
0-0: Called Strike 0-1: Ball 1-1: Called Strike 1-2: Strikes out swinging
|
|
Batting: LHB Mark Reeg
|
0-0: Ball 1-0: Called Strike 1-1: Swinging Strike 1-2: Foul Ball, location: 2F 1-2: Strikes out swinging
|
| Top of the 6th over - 0 runs, 0 hits, 0 errors, 0 left on base; Portland 3 - Houston 4 |
| BOTTOM OF THE 6TH |
|
Houston Colt .45's batting - Pitching for Portland Angels : RHP Hector Carrizales
|
|
Batting: LHB Angelo Vasquez
|
0-0: Called Strike 0-1: Ball 1-1: Foul Ball, location: 2F 1-2: Foul Ball, location: 2F 1-2: Ball 2-2: Ground out 6-3 (Groundball, 6, EV 106.3 MPH)
|
|
Batting: RHB Juan Mendoza
|
0-0: Ball 1-0: Ground out 6-3 (Groundball, 6, EV 76.9 MPH)
|
|
Batting: LHB Jackson Trottier
|
0-0: Fly out, F7 (Flyball, 7S, EV 89.4 MPH)
|
| Bottom of the 6th over - 0 runs, 0 hits, 0 errors, 0 left on base; Portland 3 - Houston 4 |
| TOP OF THE 7TH |
|
Portland Angels batting - Pitching for Houston Colt .45's : RHP Elroy Meulenkamp
|
|
Pinch Hitting: LHB Jamie Diebel
|
0-0: Ball 1-0: Called Strike 1-1: Swinging Strike 1-2: Ball 2-2: Strikes out swinging
|
|
Batting: RHB Dan Burkhart
|
0-0: Foul Ball, location: 2F 0-1: Fly out, F9 (Line Drive, 9, EV 88.8 MPH)
|
|
Batting: LHB Dave Hicks
|
0-0: Ball 1-0: Ball 2-0: DOUBLE (Line Drive, 89D, EV 109.4 MPH)
|
|
Batting: LHB Mario Anguiano
|
0-0: Ball 1-0: Foul Ball, location: 2F 1-1: Ball 2-1: Swinging Strike 2-2: Fly out, F7 (Flyball, 7S, EV 81.9 MPH)
|
| Top of the 7th over - 0 runs, 1 hit, 0 errors, 1 left on base; Portland 3 - Houston 4 |
| BOTTOM OF THE 7TH |
|
Houston Colt .45's batting - Pitching for Portland Angels : RHP Hector Carrizales
|
|
Now at 3B: Sean Rocha
|
|
|
Batting: RHB Jarno van Lente
|
0-0: Ball 1-0: Foul Ball, location: 2F 1-1: Called Strike 1-2: Ball 2-2: Strikes out swinging
|
|
Batting: RHB Keith Goodwin
|
0-0: Ball 1-0: Foul Ball, location: 2F 1-1: Ball 2-1: Called Strike 2-2: Ball 3-2: Fly out, F2 (Popup, 15S, EV 80.6 MPH)
|
|
Batting: RHB To-wai Chen
|
0-0: Ball 1-0: Called Strike 1-1: Ball 2-1: Called Strike 2-2: Strikes out swinging
|
| Bottom of the 7th over - 0 runs, 0 hits, 0 errors, 0 left on base; Portland 3 - Houston 4 |
| TOP OF THE 8TH |
|
Portland Angels batting - Pitching for Houston Colt .45's : RHP Elroy Meulenkamp
|
|
Batting: RHB Juan Rosa
|
0-0: Ball 1-0: Foul Ball, location: 2F 1-1: Ground out 4-3 (Groundball, 4, EV 90.6 MPH)
|
|
Batting: LHB Spencer Palmer
|
0-0: Ball 1-0: Foul Ball, location: 2F 1-1: Ball 2-1: Called Strike 2-2: Foul Ball, location: 2F 2-2: Ball 3-2: Fly out, F6 (Popup, 6D, EV 58.1 MPH)
|
|
Batting: LHB Griffin Ferris
|
0-0: Ball 1-0: Ball 2-0: Ball 3-0: Called Strike 3-1: Ground out 2-3 (Groundball, 2R, EV 75.0 MPH)
|
| Top of the 8th over - 0 runs, 0 hits, 0 errors, 0 left on base; Portland 3 - Houston 4 |
| BOTTOM OF THE 8TH |
|
Houston Colt .45's batting - Pitching for Portland Angels : RHP Hector Carrizales
|
|
Batting: LHB Lou Toth
|
0-0: Called Strike 0-1: Called Strike 0-2: DOUBLE (Line Drive, 7LD, EV 101.3 MPH)
|
|
Batting: LHB Bob Dietz
|
0-0: Ball 1-0: Ball 2-0: Ball 3-0: Called Strike 3-1: Foul Ball, location: 2F 3-2: Base on Balls
|
|
Pitching: RHP Eli Mercedes
|
|
|
Batting: SHB Troy Kenyon
|
0-0: Ball 1-0: Swinging Strike 1-1: Foul Ball, location: 2F 1-2: Ball 2-2: Ball 3-2: Grounds into DOUBLE play, U5-4-3 (Groundball, 5L, EV 80.6 MPH)
|
|
Batting: LHB Angelo Vasquez
|
0-0: Ball 1-0: Foul Ball, location: 2F 1-1: Ball 2-1: Ball 3-1: Base on Balls Troy Kenyon to second
|
|
Batting: RHB Juan Mendoza
|
0-0: Called Strike 0-1: Called Strike 0-2: Hit by Pitch Troy Kenyon to third Angelo Vasquez to second
|
|
Batting: LHB Jackson Trottier
|
0-0: Reached on error, E4 (Groundball, 4, EV 103.1 MPH) Troy Kenyon scores Angelo Vasquez to third Juan Mendoza to second
|
|
Batting: RHB Jarno van Lente
|
0-0: Called Strike 0-1: Ball 1-1: Ball 2-1: Ball 3-1: Swinging Strike 3-2: SINGLE (Line Drive, 34, EV 97.5 MPH) Angelo Vasquez scores Juan Mendoza to third Jackson Trottier to second Juan Mendoza scores Jackson Trottier to third
|
|
Batting: RHB Keith Goodwin
|
0-0: SINGLE (Flyball, 4MD, EV 91.3 MPH) Jackson Trottier scores Jarno van Lente to second
|
|
Batting: RHB To-wai Chen
|
0-0: Ball 1-0: Called Strike 1-1: Ball 2-1: Foul Ball, location: 2F 2-2: Foul Ball, location: 2F 2-2: Ball 3-2: SINGLE (Groundball, 6MD, EV 97.5 MPH) Jarno van Lente to third Keith Goodwin to second Jarno van Lente scores Keith Goodwin to third
|
|
Batting: LHB Lou Toth
|
0-0: Called Strike 0-1: Swinging Strike 0-2: Ball 1-2: Ball 2-2: Strikes out swinging
|
| Bottom of the 8th over - 5 runs, 4 hits, 1 error, 2 left on base; Portland 3 - Houston 9 |
| TOP OF THE 9TH |
|
Portland Angels batting - Pitching for Houston Colt .45's : RHP Elroy Meulenkamp
|
|
Pitching: RHP Russ Greer
|
|
|
Batting: RHB Dean LeCroy
|
0-0: Ball 1-0: Called Strike 1-1: Called Strike 1-2: Ball 2-2: Fly out, F5 (Popup, 5SF, EV 89.4 MPH)
|
|
Batting: LHB Mark Reeg
|
0-0: Ball 1-0: Ball 2-0: Ball 3-0: Called Strike 3-1: Base on Balls
|
|
Pinch Hitting: LHB Edgar van der Meeren
|
0-0: Ball 1-0: Ball 2-0: Ball 3-0: Called Strike 3-1: Base on Balls Mark Reeg to second
|
|
Batting: RHB Dan Burkhart
|
0-0: Ball 1-0: Foul Ball, location: 2F 1-1: Ball 2-1: Ball 3-1: Fly out, F8 (Flyball, 8LXD, EV 99.4 MPH) Runner from 2nd tags up, SAFE at 3rd, no throw by CF
|
|
Pinch Hitting: RHB Khalil Thurston
|
0-0: Ball 1-0: Ball 2-0: Ground out 5-3 (Groundball, 56S, EV 76.9 MPH)
|
| Top of the 9th over - 0 runs, 0 hits, 0 errors, 2 left on base; Portland 3 - Houston 9 |
|